 Dungeon Crawl Stone Soup version 0.29-a0-88-g03a7b78be7 (webtiles) character file.

Game seed: 10829357384846755995

63 Cecur the Ducker (level 4, -2/28 HPs)
             Began as an Octopode Wanderer on Feb 5, 2022.
             Was an Initiate of Ashenzari.
             Slain by Pargi (6 damage)
             ... on level 3 of the Dungeon.
             The game lasted 00:03:05 (2553 turns).

Cecur the Ducker (Octopode Wanderer)                Turns: 2553, Time: 00:03:06

Health: -2/28      AC:  3    Str:  8    XL:     4   Next: 10%
Magic:  6/7        EV: 17    Int: 14    God:    Ashenzari [......]
Gold:   131        SH:  0    Dex: 22    Spells: 6/7 levels left

rFire   . . .      SeeInvis .   a - +0 dagger
rCold   . . .      Faith    .   (no shield)
rNeg    . . .      Spirit   .   c - +2 hat
rPois   .          Reflect  .   (no amulet)
rElec   .          Harm     .   e - +6 ring of dexterity
rCorr   .          Rampage  .   (no ring)
Will    .....                   (no ring)
Stlth   +++.......              (no ring)
HPRegen 0.09/turn               (no ring)
MPRegen 0.10/turn               (no ring)
                                (no ring)
                                (no ring)

@: no status effects
A: almost no armour, amphibious, 8 rings, camouflage 1, gelatinous body 1,
(nimble swimmer 1), tentacles
a: Renounce Religion, Curse Item


You were on level 3 of the Dungeon.
You worshipped Ashenzari.
Ashenzari was noncommittal.
You visited 1 branch of the dungeon, and saw 3 of its levels.

You collected 131 gold pieces.

Inventory:

Hand Weapons
 a - a +0 dagger (weapon)
Armour
 c - a +2 hat (worn)
Jewellery
 e - a +6 ring of dexterity (left tentacle)
 g - a ring of magical power
Scrolls
 b - 2 scrolls of teleportation
 f - a scroll of summoning {unknown}
 h - a scroll of holy word {unknown}
 i - a scroll of identify {unknown}
 j - a scroll of noise {unknown}
 k - a scroll of enchant armour {unknown}
Potions
 d - a potion of berserk rage {unknown}


   Skills:
 + Level 1.0 Fighting
 + Level 0.3 Short Blades
 + Level 1.0 Throwing
 + Level 6.1 Dodging
 + Level 1.1 Stealth
 + Level 2.2 Spellcasting
 + Level 1.0 Fire Magic


You had 6 spell levels left.
You knew the following spells:

 Your Spells              Type           Power      Damage    Failure   Level
a - Foxfire               Conj/Fire      8%         2x1d4     19%         1

Your spell library contained the following spells:

 Spells                   Type           Power      Damage    Failure   Level
 Conjure Flame            Conj/Fire      2%         6-21      50%         3


Dungeon Overview and Level Annotations

Branches:
Dungeon (3/15)

Altars:
Ashenzari

Annotations:
D:3 Pargi


Innate Abilities, Weirdness & Mutations

You cannot wear most types of armour.
You are amphibious.
You can wear up to eight rings at the same time.
Your skin changes colour to match your surroundings (Stealth+).
Your rubbery body absorbs attacks. (AC +1, EV +1)
((You are camouflaged when in or above water. (Stealth+)))
You have tentacles for arms and can constrict up to eight enemies at once.


Message History

There is a stone staircase leading up here.
There is a stone staircase leading up here.
Pargi the Meek comes into view.
Pargi shouts!
Pargi bites you. Pargi closely misses you. Pargi claws you.
You hit Pargi.
Pargi is lightly wounded.
Pargi closely misses you. Pargi misses you. Pargi barely misses you.
You hit Pargi but do no damage. You squeeze Pargi.
Pargi is lightly wounded.
Pargi bites you! Pargi closely misses you. Pargi claws you.
You are too injured to fight recklessly!
You are too injured to fight recklessly!
You are too injured to fight recklessly!
You closely miss Pargi.
Pargi is lightly wounded.
Pargi bites you. Pargi closely misses you. x2
You hit Pargi but do no damage. You hit Pargi but do no damage.
You squeeze Pargi!
Pargi is moderately wounded.
Pargi barely misses you. Pargi claws you. Pargi misses you.
You hit Pargi. You squeeze Pargi, but do no damage.
Pargi is moderately wounded.
Pargi barely misses you. Pargi claws you.
* * * LOW HITPOINT WARNING * * *
Pargi claws you but does no damage.
You barely miss Pargi.
Pargi is moderately wounded.
Pargi bites you.
* * * LOW HITPOINT WARNING * * *
Pargi barely misses you. Pargi misses you.
You barely miss Pargi. You squeeze Pargi, but do no damage.
Pargi is moderately wounded.
Pargi bites you but does no damage. Pargi claws you but does no damage.
Pargi closely misses you.
A ball python comes into view.
Casting: Foxfire (safe; 19% risk of failure)
Confirm with . or Enter, or press ? or * to list all spells.
You conjure some foxfire!
Pargi bites you.
You die...

#.###.##.# ###.##.#
# #...##.#
#.#.####.#
#.#.####.####
#.#.........#
#..S.....##.#
#.vT..#####.#
#..@....# #.#
#...v.#.###.#######
#.....#...<........
####........#######
##########


You could see Pargi (ally target) and a ball python.

Vanquished Creatures
  2 adders (D:2)
  3 ball pythons (D:1)
  6 endoplasms
  2 giant cockroaches (D:1)
  3 goblins
  6 hobgoblins
  5 jackals (D:1)
  4 kobolds
  A quokka (D:2)
  4 bats (D:1)
  2 rats
38 creatures vanquished.

Notes
Turn   | Place    | Note
-------+----------+-------------------------------------------
     0 | D:1      | Cecur the Octopode Wanderer began the quest for the Orb.
     0 | D:1      | Cecur set off with the following items: a +0 dagger, a
                  | scroll of teleportation, a +2 hat; and the following spell
                  | memorised: Foxfire; and the following spells available to
                  | memorise: Conjure Flame
     0 | D:1      | Reached XP level 1. HP: 13/13 MP: 3/3
   230 | D:1      | Reached XP level 2. HP: 18/18 MP: 5/5
   666 | D:1      | Reached XP level 3. HP: 23/23 MP: 6/6
  1574 | D:2      | Found a faded altar of an unknown god.
  1583 | D:2      | Prayed at the altar of an unknown god.
  1583 | D:2      | Became a worshipper of Ashenzari the Shackled
  1800 | D:2      | Reached skill level 1 in Stealth
  2324 | D:2      | Reached skill level 6 in Dodging
  2324 | D:2      | Reached XP level 4. HP: 28/28 MP: 7/7
  2524 | D:3      | Noticed Pargi
  2553 | D:3      | Slain by Pargi

Illustrated notes

Levels and vault maps discovered:
D:1:      erik_arrival_orb_chamber, layout_basic
D:2:      layout_basic, shapermc_ecumenical_altar_totnotflames
D:3:      layout_loops_corners, yredelemnul_altar_generic, minivault_23,
          uniq_pargi

Skill      XL: |  1  2  3 |
---------------+----------+-----
Stealth        | 1 |  1.1
Dodging        | 6 |  6.1
Fighting       | |  1.0
Short Blades   | |  0.3
Throwing       | |  1.0
Spellcasting   | |  2.2
Fire Magic     | |  1.0

Action                   |  1- 3 |  4- 6 || total
-------------------------+-------+-------++-------
Melee: Dagger            |   122 |     9 ||   131
       Constrict         |    28 |       ||    28
       Tentacles         |    20 |     4 ||    24
       Punch             |     6 |       ||     6
 Cast: Foxfire           |       |     1 ||     1
 Stab: Sleeping          |     4 |     1 ||     5
       Distracted        |     1 |       ||     1
Armor: Skin              |    17 |     3 ||    20
Dodge: Dodged            |    98 |    13 ||   111

Table legend: (Time is in decaauts)
 A = Elapsed time spent in this place.
 B = Non-inter-level travel time spent in this place.
 C = Inter-level travel time spent in this place.
 D = Time resting spent in this place.
 E = Time spent auto-exploring this place.
 F = Levels seen in this place.
 G = Mean time per level.
                   A        B        C        D        E       F      G
               +--------+--------+--------+--------+--------+-----+--------+
         Total |   2551 |   2551 |      0 |      0 |   2124 |   3 |  850.3 |
       Dungeon |   2551 |   2551 |      0 |      0 |   2124 |   3 |  850.3 |
               +--------+--------+--------+--------+--------+-----+--------+

Top non-repeatable levels by time:
     D:1: 1427 daAuts
     D:2: 1064 daAuts
     D:3: 59 daAuts
